[Event "Titled Tuesday Blitz February 07 Early 2023"]
[White "Fiorito, Francisco"]
[Black "Sovetbekova, Nurai"]
[WhiteFideId "180165"]
[BlackFideId "13801910"]
[WhiteElo "2305"]
[BlackElo "1764"]
[Result "1-0"]
[Round "08"]
[TimeControl "180+2"]
[Date "2023.02.07"]
[WhiteClock "0:00:52"]
[BlackClock "0:00:03"]

1. d4 Nf6 2. Nc3 d5 3. Bf4 g6 4. Nb5 Na6 5. e3 Bg7 6. f3 O-O 7. Qd2 c5 8. c3 Bd7 9. Na3 Rc8 10. Bd3 Qa5 11. Ne2 Nh5 12. Bg5 e5 13. g4 e4 14. gxh5 exd3 15. Qxd3 cxd4 16. exd4 Bf5 17. Qd2 Rfe8 18. Kf2 Qc7 19. Rae1 Qd7 20. Ng3 Nc7 21. h6 Bh8 22. h4 Ne6 23. h5 b5 24. hxg6 fxg6 25. Nxf5 gxf5 26. Rhg1 Kf7 27. Nc2 Rg8 28. Nb4 Nxg5 29. Rxg5 Bf6 30. Rxg8 Rxg8 31. Rg1 Bh4+ 32. Kf1 Rxg1+ 33. Kxg1 Qd6 34. Nd3 Bg3 35. f4 Qxh6 36. Qg2 Bxf4 37. Qxd5+ Kf6 38. Qc6+ Kg7 39. Qb7+ Kg6 40. Qa6+ Kh5 41. Qxb5 Qg5+ 42. Kf1 Be3 43. Qd5 Qg1+ 44. Ke2 Bg5 45. Qxf5 Qe3+ 46. Kf1 Qd2 47. Nf2 Qc1+ 48. Kg2 Qxb2 49. Qxh7+ Bh6 50. Qf7+ Kg5 51. Qe7+ Kh5 52. Qe5+ Bg5 53. Qh2+ Kg6 54. Qd6+ Kh5 55. Qd5 Kh6 56. a4 Qxc3 57. Qxg5+ Kxg5 58. Ne4+ Kf4 59. Nxc3 1-0


[Site "https://www.chess.com"]

[Event "Titled Tuesday Blitz February 07 Early 2023"]
[White "Zanette, Edgard Vinicius"]
[Black "Herman, Daniel"]
[WhiteFideId "2109263"]
[BlackFideId "30935008"]
[WhiteElo "2085"]
[BlackElo "1956"]
[Result "0-1"]
[Round "08"]
[TimeControl "180+2"]
[Date "2023.02.07"]
[WhiteClock "0:00:04"]
[BlackClock "0:00:22"]

1. e4 c5 2. Nf3 e6 3. c3 Nf6 4. e5 Nd5 5. d4 cxd4 6. Bc4 Nb6 7. Bb3 dxc3 8. Nxc3 d5 9. exd6 Bxd6 10. O-O O-O 11. Qe2 Nc6 12. Rd1 Qe7 13. Ne4 Bc7 14. Be3 Rd8 15. Bc5 Qe8 16. Nfg5 h6 17. Qh5 Nd5 18. Bxd5 exd5 19. Nf6+ gxf6 20. Qxh6 Bf5 21. g4 Bg6 22. h4 fxg5 23. h5 Qe4 0-1


[Site "https://www.chess.com"]

[Event "Titled Tuesday Blitz February 07 Early 2023"]
[White "Lesbekova, Assel"]
[Black "Ronka, Erik"]
[WhiteFideId "13713248"]
[BlackFideId "505080"]
[WhiteElo "1772"]
[BlackElo "2276"]
[Result "0-1"]
[Round "08"]
[TimeControl "180+2"]
[Date "2023.02.07"]
[WhiteClock "0:01:35"]
[BlackClock "0:03:00"]

1. e4 c6 2. d4 d5 3. Nd2 dxe4 4. Nxe4 Bf5 5. Ng3 Bg6 6. Nh3 e6 7. Nf4 Bd6 8. h4 Qc7 9. h5 Bxc2 10. Qxc2 Bxf4 11. Bxf4 Qxf4 12. Rd1 Nf6 13. h6 g6 14. Qd2 Qxd2+ 15. Rxd2 Nbd7 16. f3 Ke7 17. Ne4 Nxe4 18. fxe4 Nf6 19. Bd3 Rhd8 20. Bc2 e5 21. dxe5 Ng4 22. e6 fxe6 23. Rh4 Ne5 24. b3 Rxd2 25. Kxd2 a5 26. Rf4 Nf7 27. Rh4 Rf8 28. g4 Ne5 29. g5 Nf3+ 0-1


[Site "https://www.chess.com"]

[Event "Titled Tuesday Blitz February 07 Early 2023"]
[White "Shubenkova, Veronika"]
[Black "Bolanos, Fernando"]
[WhiteFideId "44124040"]
[BlackFideId "3304094"]
[WhiteElo "1960"]
[BlackElo "2248"]
[Result "1-0"]
[Round "08"]
[TimeControl "180+2"]
[Date "2023.02.07"]
[WhiteClock "0:02:05"]
[BlackClock "0:00:27"]

1. e4 c5 2. Nc3 e6 3. g3 Nf6 4. Bg2 d5 5. d3 Nc6 6. f4 Be7 7. e5 Nd7 8. Nf3 a6 9. O-O b5 10. Bd2 Qb6 11. Kh1 Bb7 12. Ne2 a5 13. Be3 a4 14. d4 b4 15. c3 a3 16. bxa3 bxc3 17. Nxc3 Rxa3 18. Rb1 Qa7 19. Nb5 Qa5 20. Nxa3 Ba6 21. Re1 Qxa3 22. dxc5 O-O 23. Rb3 Qxa2 24. Rb1 Bc4 25. Nd2 Bd3 26. Rb7 Bxc5 27. Rxd7 Bxe3 28. Rxe3 Nb4 29. Rb7 Bc2 30. Qg1 d4 31. Re1 Nd5 32. Ra1 1-0


[Site "https://www.chess.com"]

[Event "Titled Tuesday Blitz February 07 Early 2023"]
[White "Maung, Maung Kyaw Zaw Hein"]
[Black "Fajdetic, Hrvoje"]
[WhiteFideId "13001698"]
[BlackFideId "14501945"]
[WhiteElo "2119"]
[BlackElo "2151"]
[Result "1-0"]
[Round "08"]
[TimeControl "180+2"]
[Date "2023.02.07"]
[WhiteClock "0:01:12"]
[BlackClock "0:00:07"]

1. Nf3 f5 2. d3 d6 3. d4 e6 4. c4 Nf6 5. Nc3 Be7 6. Bg5 Nbd7 7. e3 O-O 8. Bd3 c6 9. Qc2 d5 10. O-O Ne4 11. Bxe7 Qxe7 12. Rab1 a5 13. a3 Kh8 14. b4 axb4 15. axb4 g5 16. Nd2 g4 17. Kh1 Rf6 18. f3 Nxd2 19. Qxd2 gxf3 20. gxf3 Rh6 21. e4 Qh4 22. exf5 exf5 23. Bxf5 Nf6 24. Bxc8 Rxc8 25. c5 Nh5 26. Ne2 Re8 27. Rg1 Qxh2+ 28. Kxh2 Nf4+ 29. Kg3 Nxe2+ 30. Kf2 Nxg1 31. Rxg1 Rf6 32. Rg3 Ref8 1-0


[Site "https://www.chess.com"]

[Event "Titled Tuesday Blitz February 07 Early 2023"]
[White "Avazkhonov, Alikhon"]
[Black "Zaksaite, Salomeja"]
[WhiteFideId "14208504"]
[BlackFideId "12801496"]
[WhiteElo "1538"]
[BlackElo "2283"]
[Result "1-0"]
[Round "08"]
[TimeControl "180+2"]
[Date "2023.02.07"]
[WhiteClock "0:00:27"]
[BlackClock "0:00:02"]

1. d4 Nf6 2. c4 g6 3. Nc3 Bg7 4. e4 d6 5. f3 O-O 6. Be3 a5 7. Qd2 Na6 8. Nge2 c5 9. d5 e6 10. dxe6 fxe6 11. O-O-O Ne8 12. Ng3 Nb4 13. Kb1 a4 14. a3 Nc6 15. Bxc5 Qf6 16. Be3 Ne5 17. Bg5 Qf7 18. Nb5 Ra6 19. Be2 Bd7 20. h4 Bc6 21. h5 d5 22. cxd5 exd5 23. exd5 Bd7 24. h6 Bh8 25. f4 Ng4 26. Bc4 Bxb5 27. Bxb5 Rb6 28. Qa5 Qc7 29. d6 Qc5 30. Bc4+ Qxc4 31. Qxb6 1-0


[Site "https://www.chess.com"]

[Event "Titled Tuesday Blitz February 07 Early 2023"]
[White "Smietanska, Wiktoria"]
[Black "Nikologorsky, Matfei"]
[WhiteFideId "21869359"]
[BlackFideId "24102474"]
[WhiteElo "1936"]
[BlackElo "2182"]
[Result "1/2-1/2"]
[Round "08"]
[TimeControl "180+2"]
[Date "2023.02.07"]
[WhiteClock "0:00:03"]
[BlackClock "0:00:43"]

1. c4 e5 2. Nc3 Nf6 3. Nf3 Nc6 4. e4 Bc5 5. Nxe5 Nxe5 6. d4 Bd6 7. c5 Bxc5 8. dxc5 O-O 9. f4 Nc6 10. e5 Ne8 11. Bd3 d6 12. cxd6 cxd6 13. exd6 Nxd6 14. O-O Bf5 15. Be3 Re8 16. Bf2 Bxd3 17. Qxd3 Ne4 18. Qxd8 Raxd8 19. Nxe4 Rxe4 20. Rfd1 Rxd1+ 21. Rxd1 Rxf4 22. Rd7 Rb4 23. b3 a5 24. Kf1 h6 25. Ke2 Rb5 26. Kd2 Nb4 27. a4 Rd5+ 28. Rxd5 Nxd5 29. g3 Kf8 30. Bc5+ Ke8 31. Kd3 Kd7 32. Kd4 Kc6 33. Bf8 g6 34. Bxh6 Ne7 35. Bd2 b6 36. g4 f5 37. gxf5 Nxf5+ 38. Ke5 Nh4 39. Kf6 Nf3 40. Bf4 Nd4 41. Kxg6 Nxb3 42. h4 Nc5 43. h5 Ne6 44. Be5 Kd5 45. Bf6 Nf4+ 46. Kg5 Nxh5 47. Kxh5 Kc4 48. Bd8 b5 49. axb5 Kxb5 50. Bxa5 1/2-1/2


[Site "https://www.chess.com"]

[Event "Titled Tuesday Blitz February 07 Early 2023"]
[White "Vaglio Munoz, Jaime"]
[Black "Szyszylo, Rafal"]
[WhiteFideId "6500145"]
[BlackFideId "1109626"]
[WhiteElo "2174"]
[BlackElo "2091"]
[Result "1-0"]
[Round "08"]
[TimeControl "180+2"]
[Date "2023.02.07"]
[WhiteClock "0:00:33"]
[BlackClock "0:00:02"]

1. d4 g6 2. e4 d6 3. f4 Nf6 4. e5 dxe5 5. fxe5 Nd5 6. c4 Nb6 7. Nc3 Bg7 8. Be3 Nc6 9. h3 O-O 10. Nf3 f6 11. exf6 exf6 12. d5 Re8 13. Kf2 Ne7 14. Be2 Nf5 15. Bc5 Nd7 16. Ba3 Ne3 17. Qb3 Kh8 18. Rhe1 Nb6 19. Bd3 Nf5 20. g4 Ne7 21. Re2 Ng8 22. Rae1 Rxe2+ 23. Rxe2 Bd7 24. c5 Nc8 25. g5 fxg5 26. Ne4 h6 27. Ng3 Nce7 28. d6 cxd6 29. cxd6 Nf5 30. Nxf5 Bxf5 31. Bc4 Nf6 32. Re7 Ne4+ 33. Kg2 Qb6 34. Qc2 Nxd6 35. Qe2 Nxc4 36. Qxc4 Rc8 37. Qf7 Rc2+ 38. Kg3 Qf6 39. Re8+ Kh7 40. Qg8# 1-0


[Site "https://www.chess.com"]

[Event "Titled Tuesday Blitz February 07 Early 2023"]
[White "Carrasco Miranda, Andres"]
[Black "Ciuffoletti, Paolo"]
[WhiteFideId "3405990"]
[BlackFideId "807630"]
[WhiteElo "2240"]
[BlackElo "2106"]
[Result "1/2-1/2"]
[Round "08"]
[TimeControl "180+2"]
[Date "2023.02.07"]
[WhiteClock "0:01:02"]
[BlackClock "0:00:12"]

1. d4 d5 2. c4 c6 3. Nf3 Nf6 4. e3 Bf5 5. Nc3 e6 6. Nh4 Be4 7. f3 Bg6 8. Qb3 Qb6 9. Nxg6 hxg6 10. Bd2 Nbd7 11. cxd5 exd5 12. O-O-O Bd6 13. h3 O-O 14. Kb1 a5 15. Qxb6 Nxb6 16. e4 dxe4 17. fxe4 Bb4 18. e5 Bxc3 19. bxc3 Ne4 20. Be1 Nd5 21. Kb2 b5 22. Bd3 Ng5 23. h4 Ne6 24. h5 gxh5 25. Rxh5 Nef4 26. Bh7+ Kh8 27. Rh4 g5 28. Rh1 Kg7 29. g3 Ng6 30. Bd2 Rh8 31. Bxg6 Kxg6 32. a4 Rab8 33. Ka3 Rxh1 34. Rxh1 b4+ 35. cxb4 Nxb4 36. Rf1 Nc2+ 37. Ka2 Nxd4 38. Rf6+ Kg7 39. Bxg5 Rb4 40. Rd6 Rxa4+ 41. Kb2 Ne6 42. Bf6+ Kg6 43. Rxc6 Rg4 44. Ra6 Rxg3 45. Rxa5 Kf5 46. Ra7 Kg6 47. Ra8 Kf5 48. Ra7 Kg6 49. Ra8 Kf5 50. Ra7 1/2-1/2


[Site "https://www.chess.com"]

[Event "Titled Tuesday Blitz February 07 Early 2023"]
[White "Da Silva Junior, Sediney Mari"]
[Black "Onslow, Alfie"]
[WhiteFideId "2132079"]
[BlackFideId "436976"]
[WhiteElo "2010"]
[BlackElo "2157"]
[Result "0-1"]
[Round "08"]
[TimeControl "180+2"]
[Date "2023.02.07"]
[WhiteClock "0:00:25"]
[BlackClock "0:00:11"]

1. e4 c5 2. c3 Nf6 3. e5 Nd5 4. d4 cxd4 5. Nf3 d6 6. cxd4 Nc6 7. Bc4 Nb6 8. Bb5 dxe5 9. Nxe5 Bd7 10. Bxc6 Bxc6 11. Nxc6 bxc6 12. O-O e6 13. Qg4 Be7 14. Qxg7 Bf6 15. Qh6 Bxd4 16. Nc3 Qf6 17. Qh3 Qg6 18. Rd1 c5 19. Nb5 O-O-O 20. Be3 Bxe3 21. Qxe3 Qf5 22. Nxa7+ Kb7 23. Nb5 Kc6 24. Nc3 Nd5 25. Nxd5 Rxd5 26. Rac1 Rxd1+ 27. Rxd1 Rd8 28. Rc1 Rd5 29. b4 Qc2 30. h3 Rd1+ 31. Rxd1 Qxd1+ 32. Kh2 cxb4 33. Qe4+ Kb5 34. Qb7+ Kc5 35. Qe7+ Qd6+ 36. Qxd6+ Kxd6 37. Kg3 Kd5 38. Kf4 Kc4 39. Ke5 Kc3 40. Kf6 Kb2 41. a4 Ka3 42. Kxf7 b3 43. a5 b2 44. a6 b1=Q 45. a7 Qb7+ 46. Kxe6 Qxa7 47. Kf6 Qb7 48. g4 Qc6+ 49. Kg7 Qf3 50. Kxh7 Qxh3+ 51. Kg8 Qxg4+ 52. Kh7 Qf3 53. Kh8 Qxf2 54. Kh7 Qg3 55. Kh6 Kb4 56. Kh7 Kc5 57. Kh6 Kd6 58. Kh5 Ke7 59. Kh6 Kf6 60. Kh7 Qg7# 0-1


[Site "https://www.chess.com"]

[Event "Titled Tuesday Blitz February 07 Early 2023"]
[White "Chakravarthi Reddy, M"]
[Black "Ardila, Oscar Humberto"]
[WhiteFideId "25009532"]
[BlackFideId "4404742"]
[WhiteElo "2279"]
[BlackElo "1982"]
[Result "1-0"]
[Round "08"]
[TimeControl "180+2"]
[Date "2023.02.07"]
[WhiteClock "0:00:33"]
[BlackClock "0:00:05"]

1. c4 Nf6 2. Nc3 g6 3. d4 Bg7 4. e4 d6 5. Nf3 Nbd7 6. Be2 O-O 7. O-O e5 8. d5 Nc5 9. Bd3 a5 10. Be3 Nxd3 11. Qxd3 Nh5 12. a3 f5 13. b4 fxe4 14. Nxe4 Nf4 15. Bxf4 Rxf4 16. Nfd2 Qe7 17. c5 b6 18. cxd6 cxd6 19. Rac1 Ba6 20. b5 Bb7 21. Nc4 Rd8 22. Nxb6 Qf7 23. Nc4 Qxd5 24. Qxd5+ Bxd5 25. Nexd6 Bf8 26. Rfd1 Bxc4 27. g3 Rg4 28. h3 Bb3 29. Rd3 Rd4 30. Rxb3 Bxd6 31. b6 Bb8 32. Rb5 R4d5 33. Rxd5 Rxd5 34. Rc8+ Kf7 35. Rxb8 Rb5 36. b7 Kg7 37. h4 a4 38. h5 gxh5 39. f4 exf4 40. gxf4 Rb3 41. f5 h4 42. f6+ Kf7 43. Rh8 Rxb7 44. Rxh7+ Kxf6 45. Rxb7 1-0


[Site "https://www.chess.com"]

[Event "Titled Tuesday Blitz February 07 Early 2023"]
[White "Vifleemskaia, Svetlana"]
[Black "Clawitter, Craig"]
[WhiteFideId "4129490"]
[BlackFideId "2023105"]
[WhiteElo "1971"]
[BlackElo "2050"]
[Result "1-0"]
[Round "08"]
[TimeControl "180+2"]
[Date "2023.02.07"]
[WhiteClock "0:00:10"]
[BlackClock "0:00:02"]

1. d4 e6 2. c4 Nf6 3. Nc3 d5 4. cxd5 exd5 5. Bg5 c6 6. e3 Be7 7. Bd3 O-O 8. Qc2 Nbd7 9. Nge2 Re8 10. O-O Nf8 11. f3 g6 12. Bh4 Ne6 13. Kh1 b5 14. a3 a5 15. Bf2 Bb7 16. e4 b4 17. Na4 Rc8 18. e5 Nd7 19. f4 c5 20. Bb5 Nxd4 21. Nxd4 cxd4 22. Qd3 bxa3 23. bxa3 Bc6 24. Bxd4 Bxb5 25. Qxb5 Rc4 26. Qxd5 Rxa4 27. e6 Nf6 28. exf7+ Kf8 29. fxe8=Q+ Kxe8 30. Qc6+ Qd7 31. Qxd7+ Kxd7 32. Be5 Nd5 33. Rad1 Ke6 34. Rfe1 Nf6 35. Bb2+ Re4 36. Rxe4+ Nxe4 37. Kg1 Bc5+ 38. Kf1 Kf5 39. g3 h5 40. Ke2 h4 41. Kf3 hxg3 42. hxg3 Be7 43. Rd5+ Ke6 44. Kxe4 1-0


[Site "https://www.chess.com"]

[Event "Titled Tuesday Blitz February 07 Early 2023"]
[White "Serpi, Andrea"]
[Black "Schut, Han"]
[WhiteFideId "2847499"]
[BlackFideId "1005561"]
[WhiteElo "2191"]
[BlackElo "2101"]
[Result "1-0"]
[Round "08"]
[TimeControl "180+2"]
[Date "2023.02.07"]
[WhiteClock "0:01:32"]
[BlackClock "0:00:22"]

1. e4 c5 2. Nf3 d6 3. c3 Nf6 4. Qc2 Nc6 5. Be2 e6 6. O-O Be7 7. Rd1 O-O 8. d4 cxd4 9. cxd4 d5 10. e5 Ne4 11. Nc3 Nxc3 12. bxc3 Bd7 13. Bd3 g6 14. Rb1 Na5 15. Qe2 Rc8 16. Bd2 b6 17. g3 Nc4 18. Bh6 Re8 19. h4 Bf8 20. Bg5 Qc7 21. h5 Na3 22. Rbc1 b5 23. hxg6 fxg6 24. Nh4 Be7 25. Qg4 Qd8 26. Bh6 Bxh4 27. Bxg6 Kh8 28. Bxe8 Bg5 29. Bxg5 1-0


[Site "https://www.chess.com"]

[Event "Titled Tuesday Blitz February 07 Early 2023"]
[White "Bongo Akanga Ndjila, Barthelemy"]
[Black "Jenkins, Drake"]
[WhiteFideId "10609431"]
[BlackFideId "2022397"]
[WhiteElo "1824"]
[BlackElo "2130"]
[Result "0-1"]
[Round "08"]
[TimeControl "180+2"]
[Date "2023.02.07"]
[WhiteClock "0:02:13"]
[BlackClock "0:02:06"]

1. d4 Nf6 2. Nf3 c5 3. d5 b5 4. c4 b4 5. a3 a5 6. axb4 cxb4 7. Nbd2 g6 8. e4 d6 9. Nb3 Nbd7 10. Bd3 Bg7 11. O-O O-O 12. Qe2 a4 13. Nbd4 Nc5 14. e5 Ng4 15. exd6 exd6 16. Qe3 Nxe3 0-1


[Site "https://www.chess.com"]

[Event "Titled Tuesday Blitz February 07 Early 2023"]
[White "Osiecki, Stanislaw"]
[Black "Wilson, Elvin"]
[WhiteFideId "1102990"]
[BlackFideId "2014874"]
[WhiteElo "2055"]
[BlackElo "2183"]
[Result "0-1"]
[Round "08"]
[TimeControl "180+2"]
[Date "2023.02.07"]
[WhiteClock "0:00:01"]
[BlackClock "0:00:07"]

1. e4 e6 2. d4 d5 3. e5 c5 4. c3 Nc6 5. Nf3 Qb6 6. Bd3 cxd4 7. cxd4 Bd7 8. Be2 Nge7 9. Nc3 Nf5 10. Na4 Bb4+ 11. Kf1 Qd8 12. a3 Be7 13. b4 Ncxd4 14. Nxd4 Nxd4 15. Qxd4 Bxa4 16. Qg4 g6 17. Bh6 Qb6 18. Rc1 Bb5 19. h4 Bxe2+ 20. Qxe2 Kd7 21. Qf3 Rhc8 22. Rxc8 Rxc8 23. g3 Ke8 24. Kg2 Qc6 25. Rc1 Qd7 26. Qe3 Rxc1 27. Qxc1 Qc6 28. Qf4 Qc4 29. Qd2 Qe4+ 30. Kh2 Qxe5 31. Qc2 Kd7 32. Qa4+ Kc8 33. Qxa7 Qb8 34. Qa4 Kd8 35. Qb3 Qc7 36. Qb2 e5 37. a4 f6 38. b5 Qc5 39. a5 Qb4 40. Qa2 Qxb5 41. Be3 Kd7 42. Bb6 Bd6 43. Kh3 Ke6 0-1


[Site "https://www.chess.com"]

[Event "Titled Tuesday Blitz February 07 Early 2023"]
[White "Bozorov, Makhsum"]
[Black "Hertlein, Irena"]
[WhiteFideId "14201330"]
[BlackFideId "21817618"]
[WhiteElo "2145"]
[BlackElo "1994"]
[Result "1-0"]
[Round "08"]
[TimeControl "180+2"]
[Date "2023.02.07"]
[WhiteClock "0:01:16"]
[BlackClock "0:00:06"]

1. d4 Nf6 2. Nf3 d5 3. g3 e6 4. Bg2 c5 5. O-O cxd4 6. Nxd4 Nc6 7. c4 e5 8. Nxc6 bxc6 9. cxd5 cxd5 10. Nc3 Be6 11. Qa4+ Qd7 12. Qxd7+ Kxd7 13. Rd1 Kd6 14. Nxd5 Nxd5 15. Bxd5 Bxd5 16. e4 Be7 17. Rxd5+ Ke6 18. Be3 Rhc8 19. Ra5 Rc7 20. Rd1 f6 21. Ra6+ Kf7 22. Rd5 Rc4 23. f3 Rc2 24. Rd2 Rxd2 25. Bxd2 Bc5+ 26. Kf1 Rd8 27. Ke2 Bb6 28. a4 Bd4 29. b4 Rc8 30. Kd3 Bg1 31. Be3 Rd8+ 32. Ke2 Bxh2 33. Rxa7+ Ke6 34. Bf2 Rc8 35. b5 Rc2+ 36. Kf1 Rc1+ 37. Kg2 Rc2 38. b6 Rb2 39. b7 f5 40. exf5+ Kxf5 41. a5 h5 42. a6 g5 43. Ra8 h4 44. g4+ Kf4 45. b8=Q 1-0


[Site "https://www.chess.com"]

[Event "Titled Tuesday Blitz February 07 Early 2023"]
[White "Hoffmann, Asa"]
[Black "Simonovic, Miroslav"]
[WhiteFideId "2001470"]
[BlackFideId "919152"]
[WhiteElo "2185"]
[BlackElo "2082"]
[Result "1-0"]
[Round "08"]
[TimeControl "180+2"]
[Date "2023.02.07"]
[WhiteClock "0:01:26"]
[BlackClock "0:00:02"]

1. d4 Nf6 2. Bg5 e6 3. Nd2 Be7 4. e3 d5 5. Bd3 h6 6. Bh4 c5 7. c3 c4 8. Bc2 Nc6 9. f4 b5 10. Ngf3 Ng4 11. Bxe7 Qxe7 12. Qe2 f5 13. h3 Nf6 14. O-O O-O 15. Ne5 Nxe5 16. fxe5 Ne4 17. Bxe4 fxe4 18. Rxf8+ Qxf8 19. Rf1 Qe7 20. Qg4 Bd7 21. Rf4 a5 22. a3 Rf8 23. Nf1 g5 24. Rxf8+ Qxf8 25. Ng3 b4 26. axb4 axb4 27. h4 Qg7 28. Nh5 Qf7 29. Nf6+ Kf8 30. hxg5 hxg5 31. Qxg5 bxc3 32. bxc3 Bc8 33. g4 Qg7 34. Qxg7+ Kxg7 35. Kf2 Kg6 36. Kg3 Kg5 37. Nh5 Bd7 38. Nf4 Bc8 39. Nh3+ Kg6 40. Kf4 Bd7 41. Ng1 Be8 42. Ne2 Bf7 43. Nc1 Be8 44. Na2 Bd7 45. Nb4 Bb5 46. g5 Kg7 47. Nc2 Kg6 48. Ne1 Ba4 49. Ng2 Bd1 50. Nh4+ Kg7 51. Nf5+ exf5 52. Kxf5 Bh5 53. e6 1-0


[Site "https://www.chess.com"]

[Event "Titled Tuesday Blitz February 07 Early 2023"]
[White "Ricaurte Lopez, Juan Carlos"]
[Black "Kornyukov, Alexey"]
[WhiteFideId "3600327"]
[BlackFideId "4150457"]
[WhiteElo "2226"]
[BlackElo "2452"]
[Result "0-1"]
[Round "08"]
[TimeControl "180+2"]
[Date "2023.02.07"]
[WhiteClock "0:00:01"]
[BlackClock "0:00:16"]

1. e4 c5 2. d4 cxd4 3. c3 dxc3 4. Nxc3 Nc6 5. Nf3 e5 6. Bc4 Be7 7. Qd5 d6 8. Qxf7+ Kd7 9. Nb5 Qf8 10. Ng5 Nd8 11. Qd5 Nf6 12. Qd3 a6 13. Nc3 h6 14. Nf3 Nc6 15. Be3 b5 16. Bd5 Bb7 17. O-O-O Nb4 18. Qd2 Nbxd5 19. exd5 b4 20. Na4 Nxd5 21. Nxe5+ dxe5 22. Nb6+ Ke6 23. Nxd5 Qc8+ 24. Kb1 Rd8 25. Qd3 Rxd5 26. Qg6+ Kd7 27. Rxd5+ Bxd5 28. Rd1 Qc6 29. Qxg7 Kc7 30. Qxe7+ Kb8 31. Qd8+ Kb7 32. Qxd5 Qxd5 33. Rxd5 Rg8 34. g3 e4 35. Re5 Kc6 36. Rxe4 a5 37. Rc4+ Kd5 38. Rc5+ Ke4 39. Rxa5 Kf3 40. Rb5 Rd8 41. Rxb4 Rd1+ 42. Kc2 Ra1 43. a3 h5 44. Rb5 Re1 0-1


[Site "https://www.chess.com"]

[Event "Titled Tuesday Blitz February 07 Early 2023"]
[White "Bashirli, Saadat"]
[Black "Sabar, Ethmane Daouda"]
[WhiteFideId "13429990"]
[BlackFideId "19600097"]
[WhiteElo "1571"]
[BlackElo "2040"]
[Result "1-0"]
[Round "08"]
[TimeControl "180+2"]
[Date "2023.02.07"]
[WhiteClock "0:00:17"]
[BlackClock "0:00:04"]

1. e4 e5 2. Nf3 Nc6 3. Bc4 Nf6 4. d3 d5 5. exd5 Nxd5 6. O-O Bc5 7. Re1 O-O 8. Be3 Nxe3 9. fxe3 Bg4 10. Nc3 a6 11. Ne4 Be7 12. Nf2 Bh5 13. c3 Kh8 14. d4 f5 15. Be2 e4 16. Nd2 Bxe2 17. Qxe2 Bg5 18. Rad1 b5 19. Nh3 Bh6 20. Nf1 Ne7 21. Qh5 Nd5 22. Rd2 a5 23. Rf2 Qd7 24. Ng5 Ra6 25. Nxe4 Rg6 26. Nc5 Qe8 27. Rxf5 Rxf5 28. Qxf5 Rg5 29. Qf3 Nf6 30. e4 Rg6 31. e5 Ng8 32. e6 Ne7 33. Qf7 Qd8 34. Nb7 Qd5 35. Ng3 Bg5 36. Nc5 c6 37. Qe8+ Ng8 38. Qd7 Qxd7 39. Nxd7 Be7 40. Ne5 Rxe6 41. Nf7# 1-0


[Site "https://www.chess.com"]

[Event "Titled Tuesday Blitz February 07 Early 2023"]
[White "Mendez Machado, Andre"]
[Black "Kiseleva, Arina"]
[WhiteFideId "6603793"]
[BlackFideId "4164989"]
[WhiteElo "1974"]
[BlackElo "1962"]
[Result "1/2-1/2"]
[Round "08"]
[TimeControl "180+2"]
[Date "2023.02.07"]
[WhiteClock "0:00:05"]
[BlackClock "0:00:04"]

1. e4 c6 2. d4 d5 3. f3 e6 4. Nc3 Bb4 5. Bd2 Ne7 6. Bd3 dxe4 7. fxe4 c5 8. Nf3 Nbc6 9. d5 exd5 10. exd5 Nxd5 11. Nxd5 Qxd5 12. O-O Bxd2 13. Qxd2 Be6 14. Ng5 c4 15. Nxe6 fxe6 16. Qf4 Qd4+ 17. Qxd4 Nxd4 18. Bxc4 Nxc2 19. Rac1 Nd4 20. Rcd1 Rd8 21. Rfe1 Ke7 22. h3 Rd6 23. Kh2 Rc8 24. Bd3 Rcd8 25. Be4 g6 26. Rc1 Nc6 27. Bxc6 Rxc6 28. Rxc6 bxc6 29. Rc1 Rd2 30. Rxc6 Rxb2 31. Rc7+ Kf6 32. Rxa7 h5 33. a4 Ra2 34. a5 h4 35. a6 g5 36. Ra8 Ke5 37. a7 Ra1 38. Rg8 Rxa7 39. Rxg5+ Kf6 40. Rg4 Rh7 41. Ra4 e5 42. Kg1 Kf5 43. Kf2 Kg5 44. Ke3 Kf5 45. Ra5 Rg7 46. Ra2 Rh7 47. Rf2+ Ke6 48. Ke4 Rd7 49. Ke3 Rd4 50. Rf8 Rb4 51. Re8+ Kd5 52. Rh8 Ra4 53. Rd8+ Ke6 54. Re8+ Kd5 55. Rd8+ Ke6 56. Re8+ Kd5 57. Rh8 Ra3+ 58. Kf2 Ra4 59. Ke3 Ra3+ 60. Kf2 Ra4 61. Ke3 1/2-1/2


[Site "https://www.chess.com"]

[Event "Titled Tuesday Blitz February 07 Early 2023"]
[White "Zampronha, Wladimir Camilo"]
[Black "Burke, John F"]
[WhiteFideId "2103087"]
[BlackFideId "2052970"]
[WhiteElo "2176"]
[BlackElo "2013"]
[Result "0-1"]
[Round "08"]
[TimeControl "180+2"]
[Date "2023.02.07"]
[WhiteClock "0:00:18"]
[BlackClock "0:01:05"]

1. e4 c5 2. Nf3 Nc6 3. d4 cxd4 4. Nxd4 e6 5. Nc3 Qc7 6. Be2 a6 7. O-O Nf6 8. Be3 Bb4 9. Na4 O-O 10. Nxc6 bxc6 11. c4 Bd6 12. f4 Nxe4 13. c5 Be7 14. Qd3 Nf6 15. Rfd1 Nd5 16. Bd2 a5 17. Qf3 Rb8 18. a3 f5 19. Rab1 Qa7 20. Rdc1 Ba6 21. Kh1 Bb5 22. Bxb5 Rxb5 23. Nb6 Nxb6 24. cxb6 Qxb6 25. Bc3 Bf6 26. Bxf6 Rxf6 27. Qd3 d5 28. Qc2 c5 29. a4 Rb4 30. Qxc5 Qxc5 31. Rxc5 Rxa4 32. g3 Rf8 33. Rc6 Kf7 34. Rbc1 Rb8 35. R1c2 Ra2 36. Ra6 Rbxb2 37. Rxb2 Rxb2 38. Rxa5 Kf6 39. Ra7 h6 40. Ra6 g5 41. fxg5+ hxg5 42. Ra4 Ke5 43. Ra6 g4 44. Ra5 Rc2 45. Ra4 Kf6 46. Ra6 d4 47. Rd6 Rd2 0-1


[Site "https://www.chess.com"]

[Event "Titled Tuesday Blitz February 07 Early 2023"]
[White "Gharamian, Tigran"]
[Black "Levine, David"]
[WhiteFideId "13301527"]
[BlackFideId "2011611"]
[WhiteElo "2601"]
[BlackElo "2040"]
[Result "1-0"]
[Round "08"]
[TimeControl "180+2"]
[Date "2023.02.07"]
[WhiteClock "0:00:16"]
[BlackClock "0:00:01"]

1. d4 d5 2. c4 dxc4 3. e4 Nf6 4. e5 Nd5 5. Bxc4 Nb6 6. Bd3 Nc6 7. Ne2 Bg4 8. f3 Bh5 9. Be3 e6 10. Nbc3 Nb4 11. Be4 Bg6 12. O-O Be7 13. Bxb7 Rb8 14. Be4 O-O 15. Bxg6 fxg6 16. Ne4 N6d5 17. Bd2 Na6 18. Qc2 c5 19. Kh1 cxd4 20. Nxd4 Rb6 21. a3 Qd7 22. Rfd1 Rc8 23. Nc3 Nac7 24. Qa4 Qxa4 25. Nxa4 Ra6 26. b3 Rb8 27. Rdb1 Kf7 28. Nc3 Nxc3 29. Bxc3 Rxa3 30. Rxa3 Bxa3 31. Ra1 Bc5 32. h3 Nd5 33. Bb2 Rb4 34. Nc2 Rxb3 35. Ra2 Rb7 36. Bd4 Be7 37. Bxa7 1-0


[Site "https://www.chess.com"]

[Event "Titled Tuesday Blitz February 07 Early 2023"]
[White "Necula, Iulian"]
[Black "Hartikainen, Jarmo"]
[WhiteFideId "1232380"]
[BlackFideId "503134"]
[WhiteElo "1851"]
[BlackElo "2108"]
[Result "0-1"]
[Round "08"]
[TimeControl "180+2"]
[Date "2023.02.07"]
[WhiteClock "0:01:58"]
[BlackClock "0:00:31"]

1. d4 Nf6 2. Nc3 e6 3. Bf4 d5 4. Nb5 Na6 5. e3 Be7 6. Nf3 O-O 7. Be2 c5 8. c3 Ne4 9. O-O Bd7 10. a4 Bc6 11. Ne5 f6 12. Nxc6 bxc6 13. Na3 Nc7 14. h3 Rb8 15. Rb1 c4 16. f3 Bxa3 17. bxa3 Nxc3 18. Rxb8 Qxb8 19. Qd2 Nxe2+ 20. Qxe2 Qb7 21. e4 Re8 22. Bd6 Na8 23. Bb4 Qb6 24. Qe3 a5 25. Bc5 Qb3 26. exd5 Qxe3+ 27. Kh2 exd5 0-1


[Site "https://www.chess.com"]